 Dungeon Crawl Stone Soup version 0.26-a0-708-g17f3b190f9 (webtiles) character file.

Game seed: 15568779077360172779

81 marklar909 the Chopper (level 4, -5/41 HPs)
             Began as a Hill Orc Monk on Oct 27, 2020.
             Slain by a gnoll
             ... wielding a +0 halberd
              (10 damage)
             ... on level 2 of the Dungeon.
             The game lasted 00:03:10 (2048 turns).

marklar909 the Chopper (Hill Orc Monk)              Turns: 2048, Time: 00:03:10

Health: -5/41      AC:  5    Str: 12    XL:     4   Next: 42%
Magic:  4/4        EV: 11    Int: 10    God:
Gold:   94         SH:  0    Dex: 13    Spells: 3/3 levels left

rFire    . . .     SeeInvis .   a - +0 hand axe
rCold    . . .     Faith    .   (no shield)
rNeg     . . .     Spirit   .   g - +0 ring mail
rPois    .         Reflect  .   (no helmet)
rElec    .         Harm     .   (no cloak)
rCorr    .         Rampage  .   (no gloves)
MR       .....                  (no boots)
Stlth    +.........             (no amulet)
HPRegen  0.13/turn              (no ring)
MPRegen  0.09/turn              (no ring)

@: brilliant, about to teleport
A: blink, weak 1, MP-powered wands
a: Blink


You were on level 2 of the Dungeon.
You visited 1 branch of the dungeon, and saw 2 of its levels.

You collected 94 gold pieces.

Inventory:

Hand Weapons
 a - a +0 hand axe (weapon)
Armour
 e - a +0 leather armour
 g - a +0 ring mail (worn)
Scrolls
 d - 2 scrolls of remove curse {unknown}
 i - a scroll of enchant armour {unknown}
 j - a scroll of amnesia {unknown}
Potions
 b - a potion of flight
 f - 3 potions of curing


   Skills:
 + Level 4.4 Fighting
 + Level 4.9 Axes
 + Level 1.6 Armour
 + Level 2.7 Dodging
 + Level 1.9 Stealth


You had 3 spell levels left.
You didn't know any spells.
Your spell library was empty.

Dungeon Overview and Level Annotations

Branches:
Dungeon (2/15)

Altars:


Innate Abilities, Weirdness & Mutations

You can translocate small distances at will.
You are weak. (Str -2)
You expend magic power (3 MP) to strengthen your wands.


Message History

The quokka bites you but does no damage.
It was a potion of brilliance.
You feel clever all of a sudden. The quokka closely misses you.
The gnoll barely misses you.
It was a potion of mutation.
You feel extremely strange.
You feel weaker.
You feel your magical essence link to the dungeon's wands.
You feel jittery.
The quokka bites you but does no damage.
The gnoll barely misses you. The quokka misses you.
You barely miss the gnoll. You closely miss the quokka.
The gnoll closely misses you. The quokka closely misses you.
The gnoll hits you with a +0 flail.
* * * LOW HITPOINT WARNING * * *
Unknown command.
Okay, then.
As you read the scroll of teleportation, it crumbles to dust.
You feel strangely unstable.
The gnoll hits you from afar with a +0 halberd!
You die...

##.## #...g.# #..#
#..##g# ######
##.## #..##.#
#....# #..# #..##.#
#.##.# ####.##
#.g##.###.##g#
..)[..#
#.g##.....##.#
#####.#
#^.#########g#
#....#>....#.rgg#.#
#....#.###g#@#.##.#
#....#.###.#g#....#
#....#.#.....#.####
###'##.#.#.#####
#.##.#.#.g...#
#..#.#<#####g#
#.#.### #.#
#...#######.#
#..#...gg..#


You could see 3 gnolls and a quokka.

Vanquished Creatures
  3 adders
  2 worms (D:2)
  7 bats
  4 giant cockroaches (D:1)
  5 goblins
  6 hobgoblins
  3 jackals (D:1)
  4 ball pythons
  5 frilled lizards
  4 kobolds
  8 rats
51 creatures vanquished.

Notes
Turn   | Place    | Note
-------+----------+-------------------------------------------
     0 | D:1      | marklar909 the Hill Orc Monk began the quest for the Orb.
     0 | D:1      | Reached XP level 1. HP: 19/19 MP: 1/1
   313 | D:1      | Reached XP level 2. HP: 26/27 MP: 2/2
   572 | D:1      | Reached XP level 3. HP: 33/33 MP: 3/3
   939 | D:1      | Reached skill level 1 in Armour
  1473 | D:2      | Reached XP level 4. HP: 31/40 MP: 4/4
  2046 | D:2      | Gained mutation: You are weak. (Str -2) [potion of
                  | mutation]
  2046 | D:2      | Gained mutation: You expend magic power (3 MP) to
                  | strengthen your wands. [potion of mutation]
  2046 | D:2      | Gained mutation: You can translocate small distances at
                  | will. [potion of mutation]
  2048 | D:2      | Slain by a gnoll

Illustrated notes

Levels and vault maps discovered:
D:1:      lemuel_arrival_behind_the_door_small, layout_loops_ring,
          minmay_bisected
D:2:      minmay_evil_eye, layout_basic, grunt_qazlal_sundering

Skill      XL: |  1  2  3 |
---------------+----------+-----
Fighting       | 4 |  4.4
Armour         | 1 |  1.6
Axes           | |  4.9
Dodging        | |  2.7
Stealth        | |  1.9

Action                   |  1- 3 |  4- 6 || total
-------------------------+-------+-------++-------
Melee: Hand axe          |   137 |    55 ||   192
  Use: Scroll            |     4 |     1 ||     5
       Potion            |       |     3 ||     3
 Stab: Sleeping          |     3 |       ||     3
Armor: Leather armour    |    24 |       ||    24
       Robe              |     1 |       ||     1
       Ring mail         |    26 |    17 ||    43
Dodge: Dodged            |    98 |    32 ||   130

Table legend: (Time is in decaauts)
 A = Elapsed time spent in this place.
 B = Non-inter-level travel time spent in this place.
 C = Inter-level travel time spent in this place.
 D = Time resting spent in this place.
 E = Time spent auto-exploring this place.
 F = Levels seen in this place.
 G = Mean time per level.
                   A        B        C        D        E       F      G
               +--------+--------+--------+--------+--------+-----+--------+
         Total |   2066 |   1938 |    128 |    573 |    847 |   2 | 1033.0 |
       Dungeon |   2066 |   1938 |    128 |    573 |    847 |   2 | 1033.0 |
               +--------+--------+--------+--------+--------+-----+--------+

Top non-repeatable levels by time:
     D:1: 1501 daAuts
     D:2: 564 daAuts
